 Dungeon Crawl Stone Soup version bcrawl-1.40.3b (webtiles) character file.

Game seed: 1284545189216035851

265764 Finalfun the Geomancer (level 10, -1/66 HPs)
             Began as an Octopode Earth Elementalist on Mar 21, 2024.
             Was an Initiate of Gozag.
             Slain by a death yak (24 damage)
             ... on level 7 of the Dungeon.
             The game lasted 00:24:12 (7855 turns).

Finalfun the Geomancer (OpEE)                       Turns: 7855, Time: 00:24:13

Health: -1/66      AC:  3    Str:  7    XL:     10   Next: 5%
Magic:  18/30      EV: 13    Int: 22    God:    Gozag
Gold:   286        SH:  0    Dex: 12    Spells: 10/23 levels left

rFire    . . .     GDR:     24%   - Tentacles (6.8)
rCold    . . .     SeeInvis .   (no shield)
rNeg     . . .     Gourm    .   (helmet restricted)
rPois    .         Faith    .   (cloak restricted)
rElec    .         Spirit   .   (no amulet)
rCorr    +         Reflect  .   r - ring of magical power
MR       .....                  s - ring of resist corrosion
Stlth    +++.......             (no ring)
HPRegen  0.21/turn              (no ring)
MPRegen  0.22/turn              (no ring)
                                (no ring)
                                (no ring)
                                (no ring)

@: no status effects
A: almost no armour, stealthy swim, resist paralysis, amphibious, 8 rings,
constrict 8, icy blue scales 1, camouflage 1, blink, gelatinous body 1
a: Blink, Potion Petition, Call Merchant, Bribe Branch, Renounce Religion


You were on level 7 of the Dungeon.
You worshipped Gozag.
Gozag was aware of your devotion.
You were not hungry.

You visited 2 branches of the dungeon, and saw 9 of its levels.

You collected 965 gold pieces.
You spent 585 gold pieces at shops.
You paid 94 gold pieces to Gozag.

Inventory:

Hand Weapons
 w - a +2 whip of freezing
 E - a cursed -1 whip
Missiles
 a - 419 arrows
 b - 406 stones
 o - 40 javelins (quivered)
 A - a throwing net {=f}
Jewellery
 r - a ring of magical power (left tentacle)
 s - a ring of resist corrosion (right tentacle)
 y - an uncursed ring of fire
Wands
 J - a wand of random effects (7)
 M - a wand of iceblast (9)
Scrolls
 c - 2 scrolls of teleportation
 d - 2 scrolls of enchant armour {unknown}
 f - a scroll of remove curse
 g - a scroll of revelation {unknown}
 i - a scroll of identify
 j - 2 scrolls of amnesia {unknown}
 l - 2 scrolls of immolation {unknown}
 m - 4 scrolls of fog {unknown}
 n - 4 scrolls of blinking {unknown}
 u - 2 scrolls of enchant weapon {unknown}
 C - a scroll of acquirement {unknown}
 D - a scroll of fear {unknown}
 L - a scroll of brand weapon {unknown}
Potions
 k - 2 potions of lignification
 p - a potion of berserk rage {unknown}
 q - 2 potions of might
 t - 2 potions of ambrosia
 v - a potion of curing
 x - 2 potions of flight
 z - a potion of cancellation
 B - 2 potions of mutation
 F - a potion of heal wounds
 G - a potion of resistance
 H - a potion of invisibility
 I - a potion of haste {unknown}
Comestibles
 e - 15 rations {!d}


   Skills:
 - Level 5.0 Fighting
   Level 1.0 Short Blades
 - Level 2.0 Dodging
 - Level 3.0 Stealth
 - Level 4.0 Unarmed Combat
 + Level 7.4 Spellcasting
 - Level 1.0 Transmutations
 - Level 10.0 Earth Magic


You had 10 spell levels left.
You knew the following spells:

 Your Spells              Type           Power        Failure   Level  Hunger
a - Sandblast             Erth           ######       1%          1    None
b - Stone Arrow           Conj/Erth      ####..       3%          3    None
c - Petrify               Tmut/Erth      ####......   9%          4    ###....
d - Lee's Rapid Deconstr  Erth           ######....   3%          5    #####..

Your spell library contained the following spells:

 Spells                   Type           Power        Failure   Level  Hunger
 Passwall                 Tmut/Erth      ####....     1%          2    None
 Beastly Appendage        Tmut           ##....       5%          1    None
 Apportation              Tloc           #.....       8%          1    None
 Corona                   Hex            #......      8%          1    None
 Infusion                 Chrm           #.......     8%          1    None
 Slow                     Hex            #.......     8%          1    None
 Summon Butterflies       Summ           #.......     8%          1    None
 Sticks to Snakes         Tmut           ##......     8%          2    None
 Spider Form              Tmut/Pois      ##.          19%         3    None
 Ice Form                 Ice/Tmut       ##......     54%         4    ###....
 Blade Hands              Tmut           ##........   82%         5    #####..


Dungeon Overview and Level Annotations

Branches:
Dungeon (8/12)             Temple (1/1) D:5
   Lair: D:7-9          Orc: D:8-11

Altars:
Ashenzari
Cheibriados
Dithmenos
Elyvilon
Fedhas
Gozag
Hepliaklqana
Kikubaaqudgha
Lugonu
Makhleb
Nemelex Xobeh
Okawaru
Qazlal
Ru
Sif Muna
Trog
Uskayaw
Vehumet
Wu Jian
Xom
Yredelemnul
Zin
The Shining One

Shops:
D:4 *   D:7 !


Innate Abilities, Weirdness & Mutations

You cannot wear most types of armour.
You are very stealthy in the water. (Stealth+)
Your unusual nervous system resists paralysis.
You are amphibious.
You can wear up to eight rings at the same time.
You can use your tentacles to constrict eight enemies at once.
Your skin changes colour to match your surroundings (Stealth+).
Your rubbery body absorbs attacks. (AC +1, EV +1)
You are partially covered in icy blue scales. (AC +2)
You can translocate small distances at will.


Message History

Casting: Sandblast (safe; 1% risk of failure)
Confirm with . or Enter, or press ? or * to list all spells.
Aiming: Sandblast (safe; 1% risk of failure)
Press: ? - help, Shift-Dir - straight line, f/p - death yak
Aim: a death yak (severely wounded)
The blast of sand hits the death yak but does no damage.
The death yak is severely wounded.
b - 416 stones The death yak gores you!!
Casting: Sandblast (safe; 1% risk of failure)
Confirm with . or Enter, or press ? or * to list all spells.
Aiming: Sandblast (safe; 1% risk of failure)
Press: ? - help, Shift-Dir - straight line, f/p - death yak
Aim: a death yak (severely wounded)
The blast of sand hits the death yak.
The death yak is severely wounded.
b - 406 stones The death yak gores you!!
You die...
Your body crumbles into a pile of gold.

........### ##.......# #.
###.......#######......## ##. #
#....................#### ###..
#...##..................###....
##..#.............##...........
#...............######.....#..
#................# ##....###
##................# ##...#
###.............@Y..# ##..##
................#>..## #...##
...............###...# ##....#
.....)........## #...# ##......
.......)).....#
##..#####....##.
..>..........## #....##....###.
............## ##.........## ##
........)...# #..####...##
...........## ##.## ##..## #


You could see a death yak.

Vanquished Creatures
  Pikel (D:4)
  A troll (D:7)
  A spriggan (D:7)
  A water moccasin (D:3)
  An orc warrior (D:7)
  2 sky beasts (D:6)
  3 ice beasts (D:7)
  A slave (D:4)
  5 ogres
  3 bullfrogs
  2 kobold brigands
  2 scorpions
  4 wights
  3 howler monkeys
  3 orc priests
  2 bullfrog zombies
  A crimson imp (D:7)
  An orc wizard (D:7)
  2 quasits (D:6)
  2 hounds
  2 worker ants
  A hound zombie (D:4)
  A hound skeleton (D:5)
  2 worker ant zombies
  Robin (D:2)
  4 gnolls
  9 adders
  2 shadow imps
  2 oozes
  An adder zombie (D:6)
  2 adder skeletons
  5 worms
  2 dart slugs
  2 leopard geckos (D:2)
  16 orcs
  8 bats
  7 giant cockroaches
  9 hobgoblins
  5 jackals
  2 quokkas
  A frilled lizard (D:1)
  6 goblins
  15 kobolds
  A quokka skeleton (D:4)
  5 rats
152 creatures vanquished.

Vanquished Creatures (others)
  A crimson imp (D:4)
  A plant (D:3)
2 creatures vanquished.

Grand Total: 154 creatures vanquished

Notes
Turn   | Place    | Note
-------+----------+-------------------------------------------
     0 | D:1      | Finalfun the Octopode Earth Elementalist began the quest
                  | for the Orb.
     0 | D:1      | Reached XP level 1. HP: 11/11 MP: 3/3
    27 | D:1      | Reached skill level 1 in Fighting
   122 | D:1      | Reached XP level 2. HP: 16/18 MP: 5/5
   415 | D:1      | Reached XP level 3. HP: 24/24 MP: 6/6
   454 | D:1      | Reached skill level 1 in Short Blades
   508 | D:1      | Learned a level 3 spell: Stone Arrow
   725 | D:2      | Noticed Robin
   735 | D:2      | Killed Robin
   939 | D:2      | Reached XP level 4. HP: 27/31 MP: 7/7
  1757 | D:3      | Noticed a water moccasin
  1887 | D:3      | Reached XP level 5. HP: 33/36 MP: 5/9
  2720 | D:3      | Found a faded altar of an unknown god.
  2898 | D:3      | Killed a water moccasin
  2899 | D:3      | Reached skill level 4 in Earth Magic
  2899 | D:3      | Reached XP level 6. HP: 28/42 MP: 6/11
  3056 | D:3      | Learned a level 4 spell: Petrify
  3083 | D:4      | Noticed a slave
  3084 | D:4      | Noticed a slave
  3105 | D:4      | Killed a slave
  3450 | D:4      | Noticed a slave
  3450 | D:4      | Noticed a slave
  3458 | D:4      | Noticed Pikel
  3501 | D:4      | Killed Pikel
  3502 | D:4      | Reached skill level 5 in Spellcasting
  3502 | D:4      | Reached skill level 6 in Earth Magic
  3502 | D:4      | Reached XP level 7. HP: 9/46 MP: 8/14
  3601 | D:4      | Learned a level 5 spell: Lee's Rapid Deconstruction
  3638 | D:4      | Reached skill level 7 in Earth Magic
  3638 | D:4      | Reached XP level 8. HP: 44/52 MP: 15/15
  3684 | D:4      | Found Plog's General Store.
  3973 | D:5      | Entered Level 5 of the Dungeon
  4073 | D:5      | Found a staircase to the Ecumenical Temple.
  4103 | Temple   | Entered the Ecumenical Temple
  4185 | Temple   | Became a worshipper of Gozag Ym Sagoz the Greedy
  4238 | D:5      | Reached skill level 8 in Earth Magic
  4871 | D:6      | Reached skill level 9 in Earth Magic
  4999 | D:6      | Reached XP level 9. HP: 48/56 MP: 8/16
  5117 | D:6      | Reached skill level 10 in Earth Magic
  5479 | D:6      | Reached skill level 5 in Fighting
  5524 | D:6      | Found a hide-covered altar of Uskayaw.
  5524 | D:6      | Found a bloodstained altar of Trog.
  5853 | D:7      | Found Axiotast's Distillery.
  5926 | D:7      | Bought a potion of heal wounds for 75 gold pieces
  5926 | D:7      | Bought a potion of resistance for 150 gold pieces
  5926 | D:7      | Bought a potion of invisibility for 120 gold pieces
  5926 | D:7      | Bought a potion of mutation for 120 gold pieces
  5926 | D:7      | Bought a potion of flight for 60 gold pieces
  5926 | D:7      | Gained mutation: You can translocate small distances at
                  | will. [potion of mutation]
  5926 | D:7      | Gained mutation: You are partially covered in icy blue
                  | scales. (AC +2) [potion of mutation]
  6084 | D:7      | Bought a potion of might for 60 gold pieces
  6331 | D:7      | Found an opulent altar of Gozag.
  6368 | D:7      | Noticed a troll
  7640 | D:7      | Killed a troll
  7641 | D:7      | Reached XP level 10. HP: 66/66 MP: 1/21
  7832 | D:8      | Noticed a death yak
  7855 | D:7      | Slain by a death yak

Skill      XL: |  1  2  3  4  5  6  7  8  9 |
---------------+----------------------------+-----
Fighting       | 1 2 3 5 |  5.0
Short Blades   | 1 |  1.0
Spellcasting   | 3 5 7 |  7.4
Earth Magic    | 4 6 7 9 10 | 10.0
Unarmed Combat | 4 |  4.0
Dodging        | |  2.0
Stealth        | |  3.0
Transmutations | |  1.0

Action                   |  1- 3 |  4- 6 |  7- 9 | 10-12 || total
-------------------------+-------+-------+-------+-------++-------
Melee: Unarmed           |    87 |    99 |   126 |       ||   312
       Constrict         |    28 |    20 |    29 |       ||    77
       Tentacles         |    22 |    15 |    34 |       ||    71
       Punch             |       |       |     3 |       ||     3
Throw: Javelin           |       |     3 |       |       ||     3
 Cast: Sandblast         |     8 |    35 |    46 |     5 ||    94
       Stone Arrow       |       |     4 |    90 |     3 ||    97
       Lee's Rapid Decon |       |       |     2 |       ||     2
       Petrify           |       |       |     1 |       ||     1
  Use: Scroll            |       |     5 |     3 |     1 ||     9
       Potion            |       |     2 |     1 |       ||     3
 Stab: Sleeping          |    12 |     4 |     1 |       ||    17
  Eat: Chunk             |     2 |     8 |     3 |       ||    13
       Ration            |       |     1 |     5 |     1 ||     7
Armor: Skin              |    11 |    33 |    17 |       ||    61
Dodge: Dodged            |    58 |    59 |   125 |     1 ||   243
